 Dungeon Crawl Stone Soup version 0.17-a0-802-g1f09329 (webtiles) character file.

99346 WayToo the Brawler (level 15, -24/147 HPs)
             Began as a Troll Chaos Knight on Apr 26, 2015.
             Hit by a large rock thrown by Polyphemus (42 damage)
             ... on level 2 of the Shoals.
             The game lasted 01:48:37 (24711 turns).

WayToo the Brawler (Troll Chaos Knight)            Turns: 24711, Time: 01:48:37

Health: -24/147    AC: 17    Str: 24    XL:     15   Next: 77%
Magic:  14/14      EV: 14    Int: 10    God:    Xom [......]
Gold:   3404       SH: 12    Dex: 14    Spells: 0 memorised, 14 levels left

rFire  . . .     SeeInvis +       - Unarmed
rCold  . . .     Clarity  +     W - +2 troll leather armour
rNeg   . . .     SustAb   .     i - +0 shield
rPois  .         Gourm    +     o - +2 hat "Notamoro" {SInv}
rElec  +         Spirit   .     m - +2 cloak {+Inv}
rCorr  .         Warding  .     (gloves unavailable)
rMut   .         Stasis   .     (boots unavailable)
MR     ++...                    F - amulet "Itaq Xan" {Faith rElec MR+}
Stlth  +.........               a - +4 ring of dexterity
                                L - +2 ring of slaying

@: about to teleport, studying Necromancy, very resistant to hostile
enchantments, very unstealthy
A: unfitting armour, claws 3, icy blue scales 1, rugged brown scales 1, see
invisible, clarity, clever 1, clumsy 2, fast metabolism 3, gourmand,
regeneration 2, shaggy fur 1, tough skin 2, wild magic 1
a: Renounce Religion, Evoke Invisibility


You were on level 2 of the Shoals.
You worshipped Xom.
You were a very special plaything of Xom.
You were full.

You visited 5 branches of the dungeon, and saw 27 of its levels.
You visited the Abyss 2 times.
You also visited: Labyrinth, Sewer, Ossuary and Bailey.

You collected 4498 gold pieces.
You spent 1094 gold pieces at shops.

Inventory:

Missiles
 d - a javelin
 l - 8 throwing nets
 q - 50 tomahawks of returning
 A - 36 tomahawks (quivered)
 P - 11 large rocks
Armour
 i - a +0 shield (worn)
 m - a +2 cloak of invisibility (worn)
 o - the +2 hat "Notamoro" (worn) {SInv}
   (You acquired it on level 1 of the Shoals)

   It enhances your eyesight.
 W - a +2 troll leather armour (worn)
Rods
 y - a +3 rod of the swarm (14/14)
   (You found it in a labyrinth)
 J - a +7 rod of clouds (12/12)
   (Xom gifted it to you on level 1 of the Spider Nest)
Jewellery
 a - a +4 ring of dexterity (right claw)
 j - an uncursed amulet of resist mutation
 n - an uncursed amulet of guardian spirit
 E - an uncursed ring of sustain abilities
 F - the amulet "Itaq Xan" (around neck) {Faith rElec MR+}
   (You found it in a labyrinth)

   [amulet of faith]

   It allows you to gain divine favour quickly.
   It insulates you from electricity.
   It affects your resistance to hostile enchantments.
 K - an uncursed ring of protection from fire
 L - a +2 ring of slaying (left claw)
 N - an uncursed ring of teleportation
 T - an uncursed ring of positive energy
Magical devices
 s - a wand of teleportation (7)
 t - a wand of hasting (5)
 w - a wand of digging (14)
 z - a wand of disintegration (5)
 M - a wand of draining (9)
Scrolls
 f - 2 scrolls of enchant armour
 r - a scroll of amnesia
 u - 9 scrolls of remove curse
 v - 4 scrolls of recharging
 x - 8 scrolls of fog
 D - 3 scrolls of teleportation
 H - a scroll of holy word {unknown}
 O - a scroll of magic mapping
 R - 3 scrolls of fear
 S - a scroll of enchant weapon
 Y - a scroll of identify
Potions
 e - 3 potions of curing
 g - 7 potions of restore abilities
 k - 2 potions of heal wounds
 p - 6 potions of invisibility
 B - 3 potions of resistance
 G - 5 potions of cancellation
 Q - 3 potions of might
 X - 2 potions of magic
Books
 C - a book of Necromancy

   Spells                             Type                      Level
   a - Pain                           Necromancy                   1
   b - Animate Skeleton               Necromancy                   1
   c - Vampiric Draining              Necromancy                   3
   d - Regeneration                   Charms/Necromancy            3
   e - Animate Dead                   Necromancy                   4
   f - Control Undead                 Necromancy                   4
 I - a Young Poisoner's Handbook

   Spells                             Type                      Level
   a - Sting                          Conjuration/Poison           1
   b - Cure Poison                    Poison                       2
   c - Mephitic Cloud                 Conjuration/Poison/Air       3
   d - Olgreb's Toxic Radiance        Poison                       4
   e - Venom Bolt                     Conjuration/Poison           5
 U - Roxanne's Catalogue of the Rocks and Transformation
   (You took it off Roxanne on level 2 of the Spider Nest)

   Spells                             Type                      Level
   a - Sandblast                      Earth                        1
   b - Passwall                       Transmutation/Earth          3
   c - Petrify                        Transmutation/Earth          4
   d - Bolt of Magma                  Conjuration/Fire/Earth       5
   e - Statue Form                    Transmutation/Earth          6
 V - a manual of Necromancy
Comestibles
 b - 13 bread rations
 c - 12 meat rations
 h - 23 fruits


   Skills:
 + Level 8.1 Fighting
 - Level 7.1 Throwing
 + Level 7.0 Armour
 + Level 8.4 Dodging
 - Level 11.0 Shields
 * Level 18.1 Unarmed Combat


You had 14 spell levels left.
You didn't know any spells.

Dungeon Overview and Level Annotations

Branches:
Dungeon (11/15)            Temple (0/1) D:5            Lair (8/8) D:11
 Shoals (2/5) Lair:3       Spider (2/5) Lair:5        Slime (0/6) Lair:7
    Orc (4/4) D:9             Elf (0/3) Orc:4

Altars:
Elyvilon
Gozag
Okawaru
Ru
Sif Muna
Trog
Xom
Yredelemnul
Zin
The Shining One
Jiyva

Shops:
D:5 (   Orc:2 *   Orc:3 [   Orc:4 ?:=*   Shoals:1 %

Annotations:
Shoals:2 Polyphemus


Innate Abilities, Weirdness & Mutations

You are too large for most types of armour.
You have claws for hands.
Your metabolism is lightning-fast.
You like to eat raw meat.
You heal very quickly.
You are covered in fur (AC +1).
You have very tough skin (AC +2).
You are partially covered in icy blue scales (AC +1).
You are partially covered in rugged brown scales (AC +1, +3% HP).
You have supernaturally acute eyesight.
You possess an exceptional clarity of mind.
Your mind is acute. (Int +2)
You are very clumsy. (Dex -4)
Your spells are a little harder to cast, but a little more powerful.


Message History

The merfolk throws a throwing net.
The throwing net closely misses you.
Found a glowing short sword.
You see here a throwing net.
Drink which item? (? for menu, Esc to quit)
You feel much better. You block the harpy's attack.
The harpy claws you but does no damage. The manticore barely misses you.
You block the manticore's attack. The manticore barely misses you.
The merfolk barely misses you.
Polyphemus throws a large rock.
The large rock closely misses you.
A harpy comes into view.
The harpy screeches!
You block the harpy's attack. The harpy claws you.
* * * LOW HITPOINT WARNING * * *
The merfolk hits you with a trident of freezing!!
* * * LOW HITPOINT WARNING * * *
The merfolk freezes you.
* * * LOW HITPOINT WARNING * * *
Polyphemus throws a large rock.
The large rock hits you!!!
You die...
Xom is highly amused!

.≈≈ ..##.≈≈≈≈
.......≈≈ ≈
.......#.≈≈≈≈
........#.≈≈≈≈≈
........≈.#.≈≈≈≈≈
≈≈........#..≈≈≈≈≈
≈≈≈...HH......≈≈≈≈
..≈H..C..@.#.....≈≈≈
..mH....H.m#)......≈≈
.........(#....%....≈≈
.Y.......#.........≈≈≈
...................≈≈≈
#[....##...........≈≈≈
##.##..............≈≈≈
)...........<......≈≈
≈...................≈


You could see Polyphemus, a catoblepas (wandering), 2 merfolk, a manticore and 4
harpies.

Vanquished Creatures
  Roxanne (Spider:2)
  Donald (Orc:4)
  Louise (Spider:1)
  A minotaur (Lab)
  8 hydras
  Harold (D:11)
  9 death yaks
  The ghost of MordorOrchid the Unseen, a powerful SpAs of Dithmenos (Lair:2)
  3 orc high priests (Orc:4)
  A thrashing horror (Abyss:1)
  Nergalle (D:11)
  The ghost of Conn321 the Thaumaturge, an experienced DESu of Vehumet (Orc:3)
  6 sea snakes
  3 unseen horrors
  6 orc knights
  A hill giant (D:10)
  6 harpies
  A manticore (Shoals:1)
  5 fauns (Shoals:1)
  A sixfirhy (Abyss:1)
  4 orc sorcerers (Orc:4)
  4 orb spiders (Spider:2)
  5 cyclopes
  5 griffons
  7 elephants
  4 wolf spiders
  2 water nymphs (Shoals:2)
  3 black mambas
  4 sirens
  A gargoyle (D:11)
  13 spiny frogs
  2 hellwings
  An orange demon (Shoals:1)
  4 trolls
  3 fire drakes
  2 demonic crawlers
  10 komodo dragons
  An ancient zyme (Abyss:1)
  5 merfolk
  A raiju (Lair:8)
  7 jumping spiders
  10 polar bears
  2 baby alligators
  12 blink frogs
  A shadow (Abyss:1)
  7 trapdoor spiders
  A trapdoor spider zombie (D:11)
  2 snapping turtles
  Sigmund (D:4)
  2 ynoxinuls (Abyss:1)
  5 wyverns (Lair:5)
  16 redbacks
  A wandering mushroom (Abyss:1)
  2 basilisks
  A deep elf fighter (D:11)
  A deep elf mage (D:10)
  25 yaks
  Eustachio (D:4)
  7 tarantellas
  8 wargs
  16 hippogriffs
  A spriggan (D:11)
  A neqoxec (Abyss:1)
  Menkaure (D:7)
  2 hungry ghosts
  22 wolves
  A trapdoor spider simulacrum (D:9)
  19 giant frogs
  An ice beast (D:5)
  4 large abominations (Abyss:1)
  14 water moccasins
  4 hell hounds (Lair:8)
  A sky beast (D:9)
  A soldier ant (Lair:8)
  10 porcupines
  13 black bears
  3 phantoms
  29 spiders
  18 orc warriors
  3 ogres
  2 wasps
  5 centaurs
  2 boring beetles
  11 crocodiles
  2 big kobolds
  2 elf zombies (Ossuary)
  A wyvern zombie (D:9)
  A wyvern skeleton (D:7)
  8 scorpions
  3 small abominations (Abyss:1)
  A killer bee (Orc:4)
  A centaur zombie (D:11)
  An electric eel (D:9)
  2 crimson imps
  3 quasits
  A giant frog zombie (D:10)
  A human zombie (Ossuary)
  2 iron imps
  3 jellies
  25 orc wizards
  20 hounds
  10 iguanas
  Crazy Yiuf (D:4)
  20 orc priests
  2 centaur skeletons
  3 giant frog skeletons
  9 worker ants
  34 sheep
  A big kobold zombie (Ossuary)
  A killer bee zombie (D:10)
  4 mummies (Ossuary)
  A worker ant zombie (D:5)
  Robin (D:4)
  37 river rats
  10 gnolls
  14 adders
  5 shadow imps
  6 white imps
  5 ufetubi
  An ooze (D:3)
  2 adder zombies (Ossuary)
  2 worms (D:3)
  7 giant geckos
  142 orcs
  17 ball pythons
  24 bats
  A bat skeleton (D:5)
  A bat zombie (D:7)
  29 goblins
  23 hobgoblins
  9 jackals
  8 giant cockroaches
  6 giant newts
  2 giant spores
  2 goblin zombies (Ossuary)
  A jackal zombie (Ossuary)
  24 kobolds
  A kobold zombie (Ossuary)
  7 quokkas
  A quokka skeleton (D:4)
  48 rats
  2 rat zombies (Ossuary)
  5 ballistomycetes
  3 plants (Lair:8)
1044 creatures vanquished.

Vanquished Creatures (collateral kills)
  A death yak (Lair:7)
  6 orb spiders
  A blink frog (Lair:1)
  A tarantella (Spider:2)
  A yak (D:11)
  A wolf (Lair:6)
  2 rats (Sewer)
13 creatures vanquished.

Vanquished Creatures (others)
  A wolf spider (Spider:2)
  A chaos spawn (Spider:2)
  A water moccasin (Lair:3)
  A giant frog (Sewer)
  A scorpion (D:11)
  4 crimson imps
  5 quasits
  An orc wizard (D:5)
  2 iron imps
  A worker ant (D:5)
  A gnoll shaman (D:5)
  An iguana (D:5)
  4 shadow imps
  5 white imps
  9 ufetubi
  6 orcs
  2 goblins (D:10)
  2 hobgoblins
  3 kobolds (Bailey)
  A giant spore (D:10)
  A rat (D:5)
  A ballistomycete (D:10)
  A butterfly (Lair:8)
  4 fungi
  5 plants
64 creatures vanquished.

Grand Total: 1121 creatures vanquished

Notes
Turn   | Place    | Note
--------------------------------------------------------------
     0 | D:1      | WayToo, the Troll Chaos Knight, began the quest for the Orb.
     0 | D:1      | Reached XP level 1. HP: 22/22 MP: 0/0
    91 | D:1      | Reached XP level 2. HP: 29/29 MP: 1/1
   213 | D:1      | XOM: harmless Pois miscast
   420 | D:1      | XOM: harmless Fire miscast
   548 | D:1      | XOM: potion effect (curing)
   555 | D:1      | Reached skill level 4 in Unarmed Combat
   555 | D:1      | Reached XP level 3. HP: 32/36 MP: 2/2
   584 | D:1      | XOM is BORED!
   584 | D:1      | XOM: noise
   629 | D:1      | XOM: silly message
  1036 | D:2      | XOM: scenery: 1 doors open
  1332 | D:2      | XOM: god gift: 3 tomahawks of returning
  1380 | D:2      | XOM: 1-stop teleportation journey
  1767 | D:3      | Reached XP level 4. HP: 44/44 MP: 3/3
  1818 | D:3      | Found a glowing drain.
  1822 | Sewer    | Entered a sewer
  1888 | Sewer    | XOM: confuse monster(s)
  1926 | Sewer    | XOM: give mutations
  1926 | Sewer    | Gained mutation: You are partially covered in thin metallic scales (AC +2). [Xom's grace]
  1926 | Sewer    | Gained mutation: You have sharp toenails. [Xom's grace]
  1926 | Sewer    | Gained mutation: You are agile. (Dex +2) [Xom's grace]
  1926 | Sewer    | Gained mutation: You have a pair of small antennae on your head. [Xom's grace]
  1936 | Sewer    | Reached skill level 5 in Unarmed Combat
  1965 | Sewer    | XOM: noise
  1972 | Sewer    | XOM: enchant monster (good)
  2079 | Sewer    | Reached XP level 5. HP: 50/50 MP: 4/4
  2092 | Sewer    | XOM: mild Erth miscast
  2134 | Sewer    | Noticed a giant frog
  2135 | Sewer    | Noticed a giant frog
  2150 | Sewer    | XOM: enchant monster (good)
  2153 | Sewer    | XOM: blink monster(s)
  2156 | Sewer    | XOM: enchant monster (good)
  2156 | Sewer    | a giant frog (ally) was killed
  2156 | Sewer    | Reached skill level 6 in Unarmed Combat
  2165 | Sewer    | Killed a giant frog
  2165 | Sewer    | Reached XP level 6. HP: 25/59 MP: 5/5
  2316 | D:3      | Reached skill level 7 in Unarmed Combat
  2432 | D:3      | XOM: enchant monster (good)
  2448 | D:3      | XOM: blink monster(s)
  2887 | D:4      | Noticed Robin
  2895 | D:4      | Killed Robin
  2989 | D:4      | XOM: colour smoke trail
  3018 | D:4      | Reached XP level 7. HP: 60/66 MP: 6/6
  3052 | D:4      | Reached skill level 8 in Unarmed Combat
  3093 | D:4      | XOM is BORED!
  3093 | D:4      | XOM: give mutations
  3093 | D:4      | Gained mutation: You are partially covered in icy blue scales (AC +1). [Xom's mischief]
  3093 | D:4      | Lost mutation: You have sharp toenails. [Xom's mischief]
  3128 | D:4      | Found a white marble altar of Elyvilon.
  3128 | D:4      | XOM: vitrification
  3129 | D:4      | Found a bloodstained altar of Trog.
  3204 | D:4      | Found an iron altar of Okawaru.
  3230 | D:4      | Noticed Eustachio
  3260 | D:4      | XOM: swap monsters
  3269 | D:4      | Killed Eustachio
  3358 | D:4      | Reached skill level 9 in Unarmed Combat
  3410 | D:4      | Noticed Sigmund
  3412 | D:4      | XOM: summons 6 friendly demons
  3418 | D:4      | Killed Sigmund
  3429 | D:4      | Noticed Crazy Yiuf
  3435 | D:4      | Killed Crazy Yiuf
  3559 | D:5      | Entered Level 5 of the Dungeon
  3560 | D:5      | Found Ytuvij's Weapon Boutique.
  3579 | D:5      | XOM: fog
  3581 | D:5      | Reached XP level 8. HP: 74/74 MP: 7/7
  3583 | D:5      | XOM: god gift: 1440 gold pieces
  3606 | D:5      | Found a sacrificial altar of Ru.
  3669 | D:5      | Found a sand-covered staircase.
  3761 | Ossuary  | Entered an ossuary
  3789 | Ossuary  | XOM: divination: magic mapping
  3790 | Ossuary  | XOM: swap monsters
  3802 | Ossuary  | Reached skill level 10 in Unarmed Combat
  3826 | Ossuary  | XOM: medium Trmt miscast
  3934 | Ossuary  | XOM: give mutations
  3934 | Ossuary  | Gained mutation: You are very agile. (Dex +4) [Xom's grace]
  3934 | Ossuary  | Gained mutation: You have supernaturally acute eyesight. [Xom's grace]
  3934 | Ossuary  | Gained mutation: You are covered in thick fur (AC +2). [Xom's grace]
  4059 | D:5      | Found a deep blue altar of Sif Muna.
  4060 | D:5      | Found a glowing silver altar of Zin.
  4132 | D:5      | Reached skill level 11 in Unarmed Combat
  4253 | D:5      | Found a shimmering altar of Xom.
  4312 | D:5      | XOM: divination: magic mapping
  4639 | D:5      | Found a staircase to the Ecumenical Temple.
  5006 | D:6      | XOM: blink monster(s)
  5011 | D:6      | XOM: noise
  5111 | D:6      | Reached XP level 9. HP: 77/80 MP: 8/8
  5151 | D:6      | XOM: cast spell 'Spider Form'
  5228 | D:7      | Noticed Menkaure
  5231 | D:7      | XOM: blink monster(s)
  5234 | D:7      | Killed Menkaure
  5234 | D:7      | Reached skill level 12 in Unarmed Combat
  5376 | D:7      | XOM: chaos upgrade
  5588 | D:7      | Found a shimmering altar of Xom.
  5743 | D:7      | XOM: mild Conj miscast
  5812 | D:8      | XOM: noise
  5815 | D:8      | Noticed an unseen horror
  5832 | D:8      | Killed an unseen horror
  5832 | D:8      | Reached skill level 13 in Unarmed Combat
  5888 | D:8      | Found a basalt altar of Yredelemnul.
  6288 | D:8      | XOM: confusion
  6720 | D:8      | XOM: noise
  6861 | D:9      | XOM: enchant monster (good)
  6870 | D:9      | Reached skill level 14 in Unarmed Combat
  6874 | D:9      | Reached XP level 10. HP: 83/88 MP: 9/9
  6913 | D:9      | XOM: cast spell 'Spider Form'
  7071 | D:9      | XOM: god gift: 7 tomahawks of returning
  7221 | D:9      | Found an opulent altar of Gozag.
  7276 | D:9      | Reached skill level 1 in Throwing
  7477 | D:9      | Found a staircase to the Orcish Mines.
  7490 | D:9      | Found a glowing golden altar of the Shining One.
  7528 | D:9      | XOM: harmless Conj miscast
  7624 | D:9      | XOM: medium Chrm miscast
  7933 | D:9      | XOM: colour smoke trail
  8056 | Orc:1    | Entered Level 1 of the Orcish Mines
  8062 | Orc:1    | XOM: divination: magic mapping
  8157 | Orc:1    | XOM: cast spell 'Olgreb's Toxic Radiance'
  8158 | Orc:1    | XOM: divination: magic mapping
  8286 | Orc:1    | You fall through a shaft!
  8492 | Orc:2    | XOM: mild Conj miscast
  8720 | Orc:1    | XOM: summons 2 friendly demons
  8751 | Orc:1    | Noticed a cyclops
  8753 | Orc:1    | XOM: enchant monster (bad)
  8759 | Orc:1    | XOM: chaos upgrade
  8761 | Orc:1    | Killed a cyclops
  8792 | Orc:1    | XOM: mild Pois miscast
  8947 | Orc:3    | Found an iron altar of Okawaru.
  9060 | Orc:3    | Noticed Conn321's ghost (experienced DESu)
  9075 | Orc:3    | XOM: summons 4 hostile shadow creatures
  9078 | Orc:3    | XOM: enchant monster (bad)
  9087 | Orc:3    | Killed Conn321's ghost
  9087 | Orc:3    | Reached skill level 1 in Shields
  9122 | Orc:3    | XOM: summons 5 hostile shadow creatures
  9201 | Orc:3    | Found Ciephoam's Antique Armour Shoppe.
  9207 | Orc:3    | XOM: potion effect (haste)
  9225 | Orc:3    | Bought a runed troll leather armour for 390 gold pieces
  9407 | Orc:3    | XOM: divination: detect creatures
  9408 | Orc:3    | XOM: polymorph ogre -> worm
  9428 | Orc:3    | XOM: cast spell 'Statue Form'
  9459 | Orc:2    | Found Iwninn's General Store.
  9507 | Orc:2    | Bought a scroll of teleportation for 30 gold pieces
  9507 | Orc:2    | Bought a scroll of teleportation for 30 gold pieces
  9578 | Orc:1    | XOM: medium Fire miscast
  9651 | D:10     | Entered Level 10 of the Dungeon
  9711 | D:10     | Noticed a hill giant
  9713 | D:10     | XOM: chaos upgrade
  9720 | D:10     | Found a flagged portal.
  9720 | D:10     | XOM: swap monsters
  9721 | D:10     | Killed a hill giant
  9721 | D:10     | Reached XP level 11. HP: 82/94 MP: 10/10
  9764 | Bailey   | Entered a bailey
  9792 | Bailey   | XOM: destruction
  9927 | Bailey   | Got a smoking battleaxe
 10103 | D:10     | Reached skill level 15 in Unarmed Combat
 10613 | D:10     | XOM: god gift: 25 stones
 10645 | D:10     | XOM: god gift: 37 gold pieces
 10672 | D:11     | Reached skill level 5 in Throwing
 10692 | D:11     | Found a labyrinth entrance.
 10703 | Lab      | Entered a labyrinth
 10809 | Lab      | XOM: god gift: bronze wand {god gift}
 10870 | Lab      | XOM: give mutations
 10870 | Lab      | Gained mutation: You are frail (-10% HP). [Xom's mischief]
 10870 | Lab      | Lost mutation: You are very agile. (Dex +4) [Xom's mischief]
 10870 | Lab      | Gained mutation: You can breathe flames. [Xom's mischief]
 11107 | Lab      | Noticed a minotaur
 11109 | Lab      | XOM: cast spell 'Summon Dragon'
 11117 | Lab      | Killed a minotaur
 11117 | Lab      | Reached skill level 5 in Shields
 11120 | Lab      | Got a shimmering sapphire amulet
 11131 | Lab      | Identified the amulet "Itaq Xan" {Faith rElec MR+} (You found it in a labyrinth)
 11225 | D:11     | Noticed Nergalle
 11242 | D:11     | Killed Nergalle
 11257 | D:11     | Noticed Harold
 11257 | D:11     | XOM: divination: detect creatures
 11265 | D:11     | XOM: confuse monster(s)
 11267 | D:11     | XOM: polymorph yak -> baby alligator
 11270 | D:11     | Killed Harold
 11282 | D:11     | XOM: fake destruction
 11326 | D:11     | Noticed an unseen horror
 11326 | D:11     | XOM: harmless Summ miscast
 11341 | D:11     | Killed an unseen horror
 11371 | D:11     | XOM: destruction
 11570 | D:11     | Reached XP level 12. HP: 93/93 MP: 11/11
 11640 | D:11     | XOM: vitrification
 11743 | D:11     | Found a staircase to the Lair.
 11743 | D:11     | XOM: god gift: 42 gold pieces
 11754 | D:11     | XOM: god gift: pearl ring {god gift}
 11866 | D:11     | XOM: god gift: 48 gold pieces
 11948 | Lair:1   | Entered Level 1 of the Lair of Beasts
 11962 | Lair:2   | Identified a +3 rod of the swarm (14/14) (You found it in a labyrinth)
 11963 | Lair:2   | Identified a +3 rod of the swarm (9/9) (You found it in a labyrinth)
 11999 | Lair:2   | XOM: destruction
 12045 | Lair:2   | XOM: divination: detect items
 12079 | Lair:2   | Noticed an eight-headed hydra
 12083 | Lair:2   | Killed an eight-headed hydra
 12100 | Lair:2   | Noticed MordorOrchid's ghost (powerful SpAs)
 12109 | Lair:2   | Killed MordorOrchid's ghost
 12339 | Lair:2   | XOM: cast spell 'Summon Small Mammal'
 12386 | Lair:2   | XOM: noise
 12666 | Lair:2   | XOM: cast spell 'Metabolic Englaciation'
 12668 | Lair:2   | XOM: potion effect (might)
 12893 | Lair:1   | XOM: polymorph river rat -> kobold
 12904 | Lair:1   | XOM: cast spell 'Beastly Appendage'
 12922 | Lair:1   | XOM: summons 3 friendly demons
 12987 | Lair:1   | XOM: chaos cloud
 13006 | Lair:1   | XOM: noise
 13013 | Lair:1   | XOM: blink monster(s)
 13021 | Lair:1   | Reached skill level 10 in Shields
 13021 | Lair:1   | XOM: blink monster(s)
 13028 | Lair:1   | XOM: summons friendly white imp
 13033 | Lair:1   | XOM: summons 7 friendly demons
 13112 | Lair:1   | XOM: confuse monster(s)
 13177 | Lair:1   | XOM: divination: detect creatures
 13328 | Lair:1   | XOM: summons 6 hostile demons
 13561 | Lair:3   | XOM: 5-stop teleportation journey
 13574 | Lair:3   | Got a colourful robe
 13585 | Lair:3   | Identified the cursed +1 robe "Puskudd" {+Blink Str+4} (You found it on level 3 of the Lair of Beasts)
 13645 | Lair:3   | Noticed a seven-headed hydra
 13649 | Lair:3   | XOM: divine lightning
 13656 | Lair:3   | Killed a seven-headed hydra
 13675 | Lair:3   | XOM: divination: detect items
 13682 | Lair:3   | XOM: potion effect (brilliance)
 13687 | Lair:3   | Found a staircase to the Shoals.
 13778 | Lair:3   | XOM: potion effect (haste)
 13782 | Lair:3   | Noticed an eight-headed hydra
 13789 | Lair:3   | Killed an eight-headed hydra
 13789 | Lair:3   | Reached XP level 13. HP: 75/99 MP: 12/12
 13833 | Lair:3   | XOM: enchant monster (bad)
 13838 | Lair:3   | XOM: confuse monster(s)
 13844 | Lair:3   | XOM: potion effect (haste)
 13926 | Lair:3   | XOM: harmless Hex miscast
 13970 | Lair:3   | Reached skill level 1 in Armour
 13972 | Lair:3   | XOM: potion effect (might)
 14012 | Lair:3   | You fall through a shaft for 3 floors!
 14033 | Lair:6   | XOM: confusion (+ monsters)
 14034 | Lair:6   | XOM: enchant monster (good)
 14041 | Lair:6   | XOM: give mutations
 14041 | Lair:6   | Lost mutation: You are agile. (Dex +2) [Xom's mischief]
 14041 | Lair:6   | Lost mutation: You have a pair of small antennae on your head. [Xom's mischief]
 14071 | Lair:6   | XOM: divine lightning
 14225 | Lair:6   | XOM: 4-stop teleportation journey
 14285 | Lair:6   | XOM: summons friendly white imp
 14417 | Lair:6   | XOM: mild Trmt miscast
 14517 | Lair:6   | XOM: medium Tloc miscast
 14517 | Lair:6   | Cast into the Abyss (the capriciousness of Xom)
 14558 | Abyss:1  | XOM: summons 3 hostile demons
 14655 | Abyss:1  | XOM: noise
 14660 | Abyss:1  | XOM: harmless Hex miscast
 14662 | Abyss:1  | Reached skill level 5 in Dodging
 14746 | Abyss:1  | XOM: enchant monster (bad)
 14760 | Lair:6   | Escaped the Abyss
 14952 | Lair:6   | XOM: 7-stop teleportation journey
 15091 | Lair:6   | XOM: give mutations
 15091 | Lair:6   | Lost mutation: You can breathe flames. [Xom's mischief]
 15091 | Lair:6   | Lost mutation: You are frail (-10% HP). [Xom's mischief]
 15091 | Lair:6   | Lost mutation: You are covered in thick fur (AC +2). [Xom's mischief]
 15091 | Lair:6   | Lost mutation: You are partially covered in thin metallic scales (AC +2). [Xom's mischief]
 15310 | Lair:7   | XOM: enchant monster (bad)
 15516 | Lair:7   | Found a viscous altar of Jiyva.
 15517 | Lair:7   | Found a staircase to the Slime Pits.
 15584 | Lair:7   | XOM: mild Hex miscast
 15604 | Lair:7   | XOM: confuse monster(s)
 15614 | Lair:7   | XOM: harmless Necr miscast
 15618 | Lair:7   | XOM: god gift: glowing ring mail {god gift}
 15818 | Lair:7   | XOM: colour smoke trail
 15968 | Lair:5   | XOM: noise
 15970 | Lair:5   | XOM: confuse monster(s)
 16139 | Lair:5   | Found a hole to the Spider Nest.
 16153 | Lair:5   | Got a heavily runed cloak
 16164 | Lair:5   | Identified the +2 cloak of the Pit {Str+3} (You found it on level 5 of the Lair of Beasts)
 16200 | Lair:5   | Reached skill level 16 in Unarmed Combat
 16322 | Lair:5   | Reached skill level 5 in Fighting
 16410 | Lair:5   | XOM: cast spell 'Olgreb's Toxic Radiance'
 16465 | Lair:5   | XOM: medium Hex miscast
 16554 | Lair:5   | XOM: god gift: scale mail {god gift}
 16687 | Lair:5   | XOM: god gift: hand crossbow {god gift}
 16745 | Lair:4   | XOM: 3-stop teleportation journey
 16766 | Lair:4   | Reached XP level 14. HP: 127/127 MP: 13/13
 17028 | Lair:4   | XOM: 1-stop teleportation journey
 17081 | Lair:4   | XOM: god gift: morningstar {god gift}
 17126 | Lair:4   | XOM: silly message
 17199 | Lair:4   | XOM: mild Divn miscast
 17200 | Lair:4   | XOM: chaos cloud
 17205 | Lair:4   | XOM: harmless Fire miscast
 17459 | Lair:4   | XOM: harmless Ice miscast
 17489 | Lair:4   | XOM: harmless Summ miscast
 17542 | Lair:3   | XOM: stat loss: -1 Str (22/23)
 18004 | Lair:8   | Entered Level 8 of the Lair of Beasts
 18004 | Lair:8   | XOM: mild Necr miscast
 18005 | Lair:8   | XOM: divination: magic mapping
 18013 | Lair:7   | XOM: potion effect (haste)
 18026 | Lair:7   | XOM: summons 5 friendly demons
 18098 | Lair:8   | XOM: potion effect (heal wounds)
 18103 | Lair:8   | XOM: divination: detect creatures
 18105 | Lair:8   | XOM: divination: detect items
 18172 | Lair:8   | XOM: potion effect (haste)
 18209 | Lair:8   | XOM: harmless Summ miscast
 18213 | Lair:8   | XOM: potion effect (brilliance)
 18359 | Lair:8   | XOM: blink monster(s)
 18371 | Lair:8   | XOM: potion effect (berserk rage)
 18546 | Lair:8   | XOM: mild Air miscast
 18954 | Lair:8   | XOM: harmless Air miscast
 18978 | Lair:8   | XOM: cast spell 'Flight'
 19019 | Lair:8   | XOM: enchant monster (bad)
 19047 | Lair:8   | XOM: enchant monster (good)
 19051 | Lair:8   | XOM: silly message
 19098 | Lair:8   | XOM: harmless Chrm miscast
 19152 | Lair:8   | XOM: cast spell 'Summon Butterflies'
 19198 | Lair:8   | Reached skill level 5 in Armour
 19202 | Lair:8   | XOM: confuse monster(s)
 19207 | Lair:8   | XOM: potion effect (berserk rage)
 19216 | Lair:8   | XOM: cast spell 'Cause Fear'
 19230 | Lair:8   | XOM: fog
 19231 | Lair:8   | XOM: fake destruction
 19239 | Lair:8   | XOM: summons friendly ufetubus
 19240 | Lair:8   | XOM: summons 7 friendly demons
 19259 | Lair:8   | XOM: polymorph raiju -> soldier ant
 19677 | Orc:4    | Entered Level 4 of the Orcish Mines
 19704 | Orc:4    | Found a glowing silver altar of Zin.
 19827 | Orc:4    | Found a staircase to the Elven Halls.
 19844 | Orc:4    | Noticed Donald
 19848 | Orc:4    | XOM: cast spell 'Cause Fear'
 19851 | Orc:4    | XOM: summons 3 friendly demons
 19864 | Orc:4    | Killed Donald
 19931 | Orc:4    | XOM: vitrification
 20175 | Orc:4    | Found Abai's Magic Scroll Shop.
 20179 | Orc:4    | XOM: summons 6 friendly demons
 20183 | Orc:4    | XOM: harmless Erth miscast
 20192 | Orc:4    | XOM: divination: detect creatures
 20229 | Orc:4    | Reached skill level 17 in Unarmed Combat
 20245 | Orc:4    | XOM: enchant monster (good)
 20353 | Orc:4    | XOM: summons 3 friendly demons
 20367 | Orc:4    | XOM: enchant monster (good)
 20371 | Orc:4    | XOM: medium Ice miscast
 20383 | Orc:4    | XOM: polymorph orc warrior -> killer bee
 20455 | Orc:4    | Found Vaxogovasom's Book Shop.
 20509 | Orc:4    | Found Niwoq's Assorted Antiques.
 20509 | Orc:4    | Found Daela's Jewellery Emporium.
 20523 | Orc:4    | Bought a scroll of recharging for 114 gold pieces
 20523 | Orc:4    | Bought a scroll of enchant armour for 90 gold pieces
 20525 | Orc:4    | Bought an uncursed amulet of resist mutation for 440 gold pieces
 20605 | Orc:4    | XOM: divine lightning
 20609 | Orc:4    | XOM: confuse monster(s)
 20610 | Orc:4    | XOM: blink monster(s)
 20796 | Orc:4    | XOM: give mutations
 20796 | Orc:4    | Gained mutation: You are frail (-10% HP). [Xom's mischief]
 20796 | Orc:4    | Gained mutation: Your body is slowly deteriorating. [Xom's mischief]
 20796 | Orc:4    | Lost mutation: You are partially covered in icy blue scales (AC +1). [Xom's mischief]
 20796 | Orc:4    | Gained mutation: You are clumsy. (Dex -2) [Xom's mischief]
 20804 | Orc:4    | XOM: colour smoke trail
 20826 | Orc:4    | XOM: chaos upgrade
 20971 | D:11     | XOM: give mutations
 20971 | D:11     | Lost mutation: You are frail (-10% HP). [Xom's mischief]
 20971 | D:11     | Lost mutation: Your body is slowly deteriorating. [Xom's mischief]
 20971 | D:11     | Gained mutation: You are very clumsy. (Dex -4) [Xom's mischief]
 20971 | D:11     | Gained mutation: You are partially covered in icy blue scales (AC +1). [Xom's mischief]
 21058 | Spider:1 | Entered Level 1 of the Spider Nest
 21312 | Spider:1 | Noticed Louise
 21321 | Spider:1 | Cast into the Abyss (Louise)
 21325 | Abyss:1  | XOM: medium Conj miscast
 21364 | Abyss:1  | XOM: smoke on damage
 21382 | Abyss:1  | XOM: noise
 21386 | Abyss:1  | Reached XP level 15. HP: 81/139 MP: 14/14
 21390 | Abyss:1  | XOM: enchant monster (bad)
 21456 | Abyss:1  | XOM: potion effect (brilliance)
 21494 | Spider:1 | Escaped the Abyss
 21503 | Spider:1 | Killed Louise
 21508 | Spider:1 | XOM: god gift: short glowing rod {god gift}
 21514 | Spider:1 | XOM: destruction
 21515 | Spider:1 | XOM: summons 4 friendly demons
 21852 | Spider:2 | XOM: cast spell 'Stoneskin'
 22007 | Spider:2 | XOM: blink monster(s)
 22083 | Spider:2 | XOM: god gift: 16 gold pieces
 22087 | Spider:2 | XOM: 1-stop teleportation journey
 22088 | Spider:2 | XOM: summons 5 friendly demons
 22092 | Spider:2 | XOM: summons 15 friendly demons
 22117 | Spider:2 | XOM: polymorph sun demon -> green death
 22187 | Spider:2 | XOM: summons friendly ufetubus
 22369 | Spider:2 | XOM: noise
 22506 | Spider:2 | Noticed Roxanne
 22590 | Spider:2 | XOM: torment (62/140 hp)
 22669 | Spider:2 | XOM: potion effect (haste)
 22684 | Spider:2 | XOM: cast spell 'Dispersal'
 22782 | Spider:2 | XOM: medium Divn miscast
 22873 | Spider:2 | XOM: summons friendly crimson imp
 22878 | Spider:2 | XOM: butterfly on damage
 22881 | Spider:2 | Killed Roxanne
 22883 | Spider:2 | Identified Roxanne's Catalogue of the Rocks and Transformation (You took it off Roxanne on level 2 of the Spider Nest)
 23196 | Spider:2 | XOM: confuse monster(s)
 23197 | Spider:2 | XOM: give mutations
 23197 | Spider:2 | Gained mutation: You possess an exceptional clarity of mind. [Xom's grace]
 23197 | Spider:2 | Gained mutation: Your mind is acute. (Int +2) [Xom's grace]
 23197 | Spider:2 | Gained mutation: Your spells are a little harder to cast, but a little more powerful. [Xom's grace]
 23197 | Spider:2 | Gained mutation: You are partially covered in rugged brown scales (AC +1, +3% HP). [Xom's grace]
 23296 | Spider:2 | XOM: polymorph jumping spider -> baby alligator
 23298 | Spider:2 | XOM: divine lightning
 23476 | Shoals:1 | Entered Level 1 of the Shoals
 23524 | Shoals:1 | XOM: cast spell 'Blink'
 23526 | Shoals:1 | XOM: divination: detect items
 23534 | Shoals:1 | XOM: summons friendly ufetubus
 23539 | Shoals:1 | XOM: harmless Hex miscast
 23542 | Shoals:1 | XOM: confuse monster(s)
 23548 | Shoals:1 | XOM: potion effect (agility)
 23552 | Shoals:1 | XOM: silly message
 23657 | Shoals:1 | Found Jinofiogh's Food Boutique.
 23821 | Shoals:1 | XOM: blink monster(s)
 23855 | Shoals:1 | XOM: snakes to sticks
 23918 | Shoals:1 | XOM: medium Summ miscast
 24025 | Shoals:1 | Identified a scroll of acquirement
 24026 | Shoals:1 | Got a crude hat
 24032 | Shoals:1 | Identified the +2 hat "Notamoro" {SInv} (You acquired it on level 1 of the Shoals)
 24033 | Shoals:1 | Identified a +7 rod of clouds (12/12) (Xom gifted it to you on level 1 of the Spider Nest)
 24060 | Shoals:1 | Reached skill level 18 in Unarmed Combat
 24237 | Shoals:1 | XOM: enchant monster (bad)
 24239 | Shoals:1 | XOM: silly message
 24382 | Shoals:1 | XOM: silly message
 24461 | Shoals:2 | Noticed Polyphemus
 24496 | Shoals:2 | XOM: medium Erth miscast
 24568 | Shoals:2 | XOM: summons 3 hostile demons
 24699 | Shoals:2 | XOM: medium Conj miscast
 24711 | Shoals:2 | Hit by a large rock thrown by Polyphemus

Action                   |  1- 3 |  4- 6 |  7- 9 | 10-12 | 13-15 || total
-------------------------+-------+-------+-------+-------+-------++-------
Melee: Unarmed           |   105 |   226 |   385 |   843 |  1459 ||  3018
Throw: Tomahawk          |       |       |     1 |       |    24 ||    25
       Large rock        |       |       |       |    12 |    35 ||    47
  Use: Scroll            |     4 |     5 |     6 |    17 |    21 ||    53
       Potion            |       |     1 |       |     2 |    13 ||    16
 Stab: Sleeping          |       |     1 |       |       |     1 ||     2
       Distracted        |       |       |     1 |       |     5 ||     6
       Confused          |       |       |     2 |     1 |     9 ||    12
       Petrifying        |       |       |       |     2 |       ||     2
  Eat: Chunk             |    22 |    12 |    32 |    64 |   109 ||   239
       Beef jerky        |       |       |       |     3 |       ||     3
